 Dungeon Crawl Stone Soup version 0.30-a0-639-g3916f1956a (webtiles) character file.

Game seed: 14341059804505414441

777 wormed the Changer (level 7, -3/55 HPs)
             Began as an Octopode Transmuter on Jan 16, 2023.
             Slain by a hornet (13 damage)
             ... on level 5 of the Dungeon.
             The game lasted 00:06:00 (4693 turns).

wormed the Changer (Octopode Transmuter)            Turns: 4693, Time: 00:06:01

Health: -3/55      AC:  7    Str:  9    XL:     7   Next: 84%
Magic:  5/12       EV: 10    Int: 18    God:
Gold:   299        SH:  0    Dex: 12    Spells: 6/12 levels left

rFire   x . .      SeeInvis .      - Unarmed
rCold   + + +      Faith    .    (shield currently unavailable)
rNeg    . . .      Spirit   .    (helmet currently unavailable)
rPois   +          Reflect  .    (no amulet)
rElec   .          Harm     .    (no ring)
rCorr   .          Rampage  .    (no ring)
Will    .....                    (no ring)
Stlth   +                        (no ring)
HPRegen 0.29/turn                (no ring)
MPRegen 0.13/turn                (no ring)
                                 (no ring)
                                 (no ring)

@: lethally poisoned (-3 -> -4), ice-form, slowed, very slow
A: freezing attack, boosted hp, almost no armour, amphibious, 8 rings, large,
(camouflage 1), (gelatinous body 1), (nimble swimmer 1), (tentacles)
a: End Transformation


You were on level 5 of the Dungeon.
You were a creature of crystalline ice.
You visited 1 branch of the dungeon, and saw 5 of its levels.

You collected 299 gold pieces.

Inventory:

Wands
 g - a wand of flame (22)
 j - a wand of iceblast (5) (quivered)
Scrolls
 a - 3 scrolls of identify
 e - 3 scrolls of silence
 f - 2 scrolls of teleportation
Potions
 b - 4 potions of attraction
 d - a potion of cancellation
 h - 2 potions of mutation {unknown}
 i - a potion of brilliance {unknown}
 k - a potion of degeneration {unknown}


   Skills:
 + Level 3.1 Fighting
 + Level 3.5 Dodging
 + Level 4.3 Unarmed Combat
 + Level 3.4 Spellcasting
 * Level 4.8 Transmutations
 + Level 3.0 Ice Magic


You had 6 spell levels left.
You knew the following spells:

 Your Spells              Type           Power      Damage    Failure   Level
a - Ice Form              Ice/Tmut       17%        N/A       30%         4
b - Wereblood             Tmut           20%        N/A       3%          2

Your spell library contained the following spells:

 Spells                   Type           Power      Damage    Failure   Level
 Beastly Appendage        Tmut           40%        N/A       2%          1
 Sting                    Tmut/Pois      44%        1d5       6%          1
 Ozocubu's Armour         Ice            14%        N/A       13%         3
 Spider Form              Tmut/Pois      11%        N/A       17%         3
 Poisonous Vapours        Pois/Air       6%         N/A       24%         2
 Olgreb's Toxic Radiance  Pois           3%         N/A       83%         4
 Ozocubu's Refrigeration  Ice            7%         4d9       100%        7


Dungeon Overview and Level Annotations

Branches:
Dungeon (5/15)
 Temple: D:4-7

Altars:
Cheibriados
Okawaru
Ru

Annotations:
D:4 1 runed translucent door, baller8008's ghost, amateur MiFi


Innate Abilities, Weirdness & Mutations

You are a creature of crystalline ice.
You have a powerful freezing melee attack.
Your maximum health is increased.
Your armour is entirely melded.
You are incapable of wielding weapons or throwing items.
You cannot wear most types of armour.
You are amphibious.
You can wear up to eight rings at the same time.
((Your skin changes colour to match your surroundings (Stealth+).))
((Your rubbery body absorbs attacks. (AC +1, EV +1)))
((You are camouflaged when in or above water. (Stealth+)))
((You have tentacles for arms and can constrict up to eight enemies at once.))


Message History

The hornet is severely wounded.
The hornet stings you.
You feel yourself slow down.
Casting: Ice Form (quite dangerous; 30% risk of failure)
Confirm with . or Enter, or press ? or * to list all spells.
The spell is quite dangerous to miscast (30% risk of failure)!
Continue anyway?
You miscast Ice Form.
You are very lightly contaminated with residual magic.
Nothing appears to happen.
The hornet stings you!
You are poisoned.
You feel as though you will be slow longer.
The hornet stings you!
* * * LOW HITPOINT WARNING * * *
You feel as though you will be slow longer.
You feel much better.
You feel very sick. The hornet stings you!
You feel as though you will be slow longer.
The hornet closely misses you.
Casting: Ice Form (quite dangerous; 30% risk of failure)
Confirm with . or Enter, or press ? or * to list all spells.
The spell is quite dangerous to miscast (30% risk of failure)!
Continue anyway?
You turn into a creature of crystalline ice.
You feel very sick. The hornet barely misses you.
The hornet stings you but does no damage.
You hit the hornet. You freeze the hornet.
The hornet is severely wounded.
You feel sick.
The hornet stings you but does no damage.
The hornet misses you.
You hit the hornet. You freeze the hornet.
The hornet is almost dead.
You feel sick. The hornet stings you!
* * * LOW HITPOINT WARNING * * *
The hornet barely misses you.
Your magical contamination has completely faded away.
You hit the hornet but do no damage.
The hornet is almost dead.
You feel sick. The hornet stings you!
You die...

## ##.#
#.#.#
#.#.#
#.#.#
#.#.#
#.#.##
#.#Y##
#|#y##
##.#.#
##.#.#
##.#.##
##.#.##
##.#.##
##.#.##
#
##.#.##


You could see a hornet.

Vanquished Creatures
  Grinder (D:3)
  An ice beast (D:5)
  An ogre (D:4)
  A scorpion (D:5)
  A jelly (D:4)
  2 hounds
  3 iguanas
  Terence (D:3)
  An orc wizard (D:5)
  Robin (D:3)
  4 adders
  An ufetubus (D:5)
  A worm (D:3)
  A dart slug (D:4)
  6 orcs
  9 endoplasms
  6 giant cockroaches
  14 goblins
  6 hobgoblins
  5 kobolds
  A quokka (D:3)
  5 ball pythons
  4 bats
  2 frilled lizards (D:1)
  A rat (D:2)
79 creatures vanquished.

Notes
Turn   | Place    | Note
-------+----------+-------------------------------------------
     0 | D:1      | wormed the Octopode Transmuter began the quest for the Orb.
     0 | D:1      | Reached XP level 1. HP: 13/13 MP: 3/3
   351 | D:1      | Reached XP level 2. HP: 14/18 MP: 3/5
   366 | D:1      | Learned a level 2 spell: Wereblood
  1059 | D:2      | Reached XP level 3. HP: 23/23 MP: 2/6
  1220 | D:2      | Reached skill level 1 in Ice Magic
  1460 | D:2      | Found an iron altar of Okawaru.
  1901 | D:3      | Found a snail-covered altar of Cheibriados.
  2214 | D:3      | Noticed Terence
  2233 | D:3      | Killed Terence
  2234 | D:3      | Reached XP level 4. HP: 24/28 MP: 4/7
  2405 | D:3      | Noticed Robin
  2415 | D:3      | Killed Robin
  2622 | D:3      | Noticed Grinder
  2632 | D:3      | Killed Grinder
  2633 | D:3      | Reached XP level 5. HP: 17/34 MP: 7/9
  2633 | D:3      | Reached XP level 6. HP: 19/39 MP: 7/10
  3161 | D:4      | Found a sacrificial altar of Ru.
  3324 | D:4      | Found a runed translucent door.
  3327 | D:4      | Noticed baller8008's ghost (amateur MiFi)
  3453 | D:4      | Learned a level 4 spell: Ice Form
  3708 | D:4      | Reached XP level 7. HP: 31/45 MP: 6/11
  4404 | D:5      | Entered Level 5 of the Dungeon
  4685 | D:5      | Noticed a hornet
  4693 | D:5      | Slain by a hornet

Illustrated notes

Levels and vault maps discovered:
D:1:      ebering_hopf_link, layout_loops_corners, kennysheep_boxes
D:2:      layout_loops_ring, basic_altar, hangedman_decor_clover_reticule
D:3:      layout_basic, lemuel_round_altar, uniq_grinder, uniq_robin,
          uniq_terence
D:4:      layout_loops_cross, nicolae_ru_great_annihilating_truth,
          hellmonk_ghost_happy_afterlife, dk_noncrumbling_4,
          chequers_serial_rivers_micro_d
D:5:      minmay_inner_zag, layout_rooms, nicolae_uskayaw_suspiria, minitemple,
          nicolae_hepliaklqana_ecumenical_no_more,
          minmay_temple_entry_butterflies, minmay_divided_ellipse

Skill      XL: |  1  2  3  4  5  6  7 |
---------------+----------------------+-----
Ice Magic      | 1 2 3 |  3.0
Transmutations | 3 4 |  4.8
Fighting       | 2 3 |  3.1
Dodging        | 3 |  3.5
Spellcasting   | 3 |  3.4
Unarmed Combat | 4 |  4.3

Action                   |  1- 3 |  4- 6 |  7- 9 || total
-------------------------+-------+-------+-------++-------
Melee: Unarmed           |    72 |    61 |    58 ||   191
       Kick              |    22 |     9 |       ||    31
       Constrict         |    18 |    10 |       ||    28
       Tentacles         |    15 |     7 |     1 ||    23
       Punch             |       |     3 |       ||     3
 Cast: Beastly Appendage |    24 |    10 |       ||    34
       Wereblood         |    14 |     9 |     4 ||    27
       Ice Form          |       |     2 |     9 ||    11
Evoke: Wand              |       |    10 |     2 ||    12
  Use: Scroll            |     8 |     2 |     2 ||    12
       Potion            |       |     1 |     2 ||     3
 Stab: Sleeping          |     3 |       |       ||     3
       Paralysed         |       |     2 |       ||     2
       Invisible         |       |     1 |       ||     1
Armor: Skin              |     7 |    16 |    13 ||    36
Dodge: Dodged            |    35 |    26 |    26 ||    87

Table legend: (Time is in decaauts)
 A = Elapsed time spent in this place.
 B = Non-inter-level travel time spent in this place.
 C = Inter-level travel time spent in this place.
 D = Time resting spent in this place.
 E = Time spent auto-exploring this place.
 F = Levels seen in this place.
 G = Mean time per level.
                   A        B        C        D        E       F      G
               +--------+--------+--------+--------+--------+-----+--------+
         Total |   4682 |   4512 |    170 |      2 |   3870 |   5 |  936.4 |
       Dungeon |   4682 |   4512 |    170 |      2 |   3870 |   5 |  936.4 |
               +--------+--------+--------+--------+--------+-----+--------+

Top non-repeatable levels by time:
     D:3: 1356 daAuts
     D:4: 1284 daAuts
     D:1: 994 daAuts
     D:2: 790 daAuts
     D:5: 256 daAuts
